Map: Submarine LE

Players

DnS

  • Race: Protoss Protoss
  • Spawn Location: 5:00

goblin - Winner!

  • Race: Protoss Protoss
  • League: Master
  • Spawn Location: 11:00

Event: DreamHack SC2 Masters 2020 Summer Europe

VOD

Have the link to the VOD?

Description

Time

  • Played on: July 4, 2020, 12:36 p.m.
  • Length: 10:58

All games in this series

Show
View Real Time Build Order
Export as new Build Order

DnS Protoss 

Build Orders: Oracle Opening 

Get SALT Encoding   

  12  0:00  Probe  
  13  0:12  Probe  
  14  0:17  Pylon  
  14  0:23  Probe  
  15  0:32  Probe  
  15  0:37  Gateway  
  15  0:40  Probe  
  16  0:45  Assimilator  
  17  0:51  Probe  
  17  0:54  Assimilator  
  18  1:00  Probe  
  19  1:08  Probe  
  19  1:10  Gateway  
  20  1:22  Forge  
  20  1:27  Zealot  
  22  1:37  Pylon  
  22  1:56  Photon Cannon  
  22  1:57  Photon Cannon  
  21  2:06  Photon Cannon  
  21  2:09  Pylon  
  21  2:17  Photon Cannon  
  21  2:29  Photon Cannon  
  21  2:35  Cybernetics Core  
  21  2:39  Probe  
  22  2:51  Pylon, Probe  
  23  3:03  Probe  
  24  3:06  Stalker  
  24  3:12  Stargate  
  24  3:13  Warp Gate  
  24  3:27  Gateway  
  24  3:35  Gateway  
  24  3:45  Shield Battery  
  24  3:48  Oracle  
  24  3:50  Pylon  
  27  4:14  Shield Battery  
  27  4:17  Stalker  
  27  4:18  Void Ray  
  33  4:37  Pylon  
  33  5:00  Stalker  
  33  5:01  Void Ray  
  38  5:11  Pylon  
  38  5:26  Shield Battery  
  38  5:36  Void Ray  
  38  5:42  Shield Battery  
  37  5:53  Assimilator  
  37  5:58  Probe  
  38  6:10  Pylon  
  38  6:27  Pylon  
  38  6:28  Void Ray  
  42  6:38  Assimilator  
  42  6:41  Shield Battery  
  38  7:04  Stalker  
  38  7:08  Shield Battery x2  
  40  7:27  Void Ray  
  43  7:35  Shield Battery  
  43  7:44  Probe  
  44  7:46  Assimilator  
  40  8:07  Assimilator  
  40  8:14  Pylon  
  40  8:20  Void Ray  
  40  8:25  Assimilator  
  44  8:46  Shield Battery  
  44  8:54  Shield Battery  
  28  9:12  Void Ray  
  28  9:16  Stalker  
  34  10:06  Void Ray  
  38  10:10  Shield Battery  
  38  10:27  Shield Battery  
  37  10:32  Pylon  
Show
View Real Time Build Order
Export as new Build Order

goblin Protoss - Winner!

Build Orders:  

Get SALT Encoding   

  12  0:00  Probe  
  13  0:12  Probe  
  14  0:24  Probe  
  14  0:28  Pylon  
  15  0:46  Gateway  
  15  0:48  Gateway  
  15  0:49  Probe  
  16  1:00  Forge  
  16  1:03  Probe  
  17  1:16  Pylon  
  17  1:24  Pylon  
  17  1:25  Zealot  
  17  1:28  Zealot  
  21  1:50  Photon Cannon  
  21  1:51  Zealot  
  21  1:52  Photon Cannon  
  23  1:57  Zealot  
  25  2:10  Photon Cannon  
  25  2:19  Probe  
  25  2:21  Assimilator  
  26  2:32  Probe  
  26  2:33  Cybernetics Core  
  26  2:34  Assimilator  
  27  2:38  Pylon  
  27  2:42  Probe  
  27  2:50  Probe  
  29  2:58  Probe  
  29  3:11  Probe  
  30  3:13  Photon Cannon  
  30  3:16  Shield Battery  
  30  3:23  Probe  
  31  3:29  Stargate  
  31  3:30  Shield Battery  
  31  3:42  Warp Gate  
  31  3:51  Shield Battery  
  31  3:59  Void Ray  
  31  4:04  Photon Cannon  
  31  4:14  Shield Battery  
  35  4:29  Pylon  
  35  4:35  Void Ray  
  39  4:50  Photon Cannon  
  39  4:59  Photon Cannon  
  24  5:30  Shield Battery  
  24  5:32  Probe  
  25  5:46  Probe  
  26  5:54  Probe  
  26  6:03  Shield Battery  
  27  6:10  Probe  
  28  6:23  Probe  
  26  6:49  Void Ray  
  26  6:50  Probe  
  29  7:06  Shield Battery  
  29  7:09  Probe  
  30  7:22  Probe  
  31  7:44  Probe  
  32  8:08  Probe, Void Ray  
  37  8:19  Probe  
  38  8:28  Probe  
  39  8:42  Probe  
  39  8:43  Shield Battery  
  40  8:55  Probe  
  41  9:08  Probe  
  42  9:17  Pylon  
  42  9:20  Probe  
  43  9:33  Shield Battery, Void Ray  
  47  10:01  Shield Battery  
  47  10:14  Void Ray  
  51  10:37  Probe  
  49  10:55  Pylon  
Tags
 
Add a new tag
Caveats
  • Supply blocks, unpowered buildings, or Contaminate may cause inaccurate times.
  • Supply counts are checked every 10 seconds.